 Dungeon Crawl Stone Soup version 0.31-a0-538-gbc85326fa9 (webtiles) character file.

Game seed: 17468265296244334013

70697 experimilk the Brawler (level 14, -15/148 HPs)
             Began as a Troll Gladiator on Aug 13, 2023.
             Was the Champion of Wu Jian.
             Demolished by a skeletal warrior
             ... wielding a +1 scimitar of flaming
              (17 damage)
             ... on level 11 of the Dungeon.
             The game lasted 01:31:18 (22637 turns).

experimilk the Brawler (Troll Gladiator)           Turns: 22637, Time: 01:31:18

Health: -15/148    AC: 12    Str: 29    XL:     14   Next: 95%
Magic:  13/13      EV: 10    Int:  4    God:    Wu Jian [******]
Gold:   1860       SH:  0    Dex: 11    Spells: 13/13 levels left

rFire   . .          .
                       - Unarmed
rCold   . . .        (no shield)
rNeg    + . .        w - +0 swamp dragon scales
rPois   +            b - +0 hat
rElec   .            H - +1 cloak {rCorr}
rCorr   +            (gloves unavailable)
SInv    .            (boots unavailable)
Will    +....        o - amulet of regeneration
Stlth   +            K - ring of positive energy
HPRegen 2.04/turn    (no ring)
MPRegen 0.13/turn

%: no passive effects
@: exhausted, about to teleport
A: large, unfitting armour, claws 3, regeneration 1, shaggy fur 1, tough skin 1
a: Renounce Religion, Wall Jump, Serpent's Lash, Heavenly Storm


You were on level 11 of the Dungeon.
You worshipped Wu Jian.
Wu Jian was exalted by your worship.
You visited 3 branches of the dungeon, and saw 18 of its levels.

You collected 1898 gold pieces.
You spent 38 gold pieces at shops.

Inventory:

Hand Weapons
 t - the +7 staff of the Meek {protect, meekguard}
   (You took it off a kobold on level 2 of the Dungeon)
Missiles
 a - 33 boomerangs
 d - 6 javelins
 h - a stone
 s - 8 poisoned darts
 C - a large rock (quivered)
Armour
 b - a +0 hat (worn)
 w - +0 swamp dragon scales (worn)
 A - a +0 robe
 H - a +1 cloak of preservation (worn)
Jewellery
 i - a +6 ring of intelligence
 o - an amulet of regeneration (around neck)
 r - an amulet of faith
 K - a ring of positive energy (left claw)
Wands
 k - a wand of quicksilver (6)
 y - a wand of roots (13)
Scrolls
 c - 3 scrolls of vulnerability
 g - 3 scrolls of fear
 j - 4 scrolls of enchant armour
 m - a scroll of identify
 q - a scroll of silence
 B - a scroll of immolation
 E - a scroll of teleportation
 F - a scroll of fog
 S - a scroll of revelation
Potions
 e - 3 potions of berserk rage
 f - a potion of ambrosia
 l - 2 potions of resistance
 n - 3 potions of might
 p - 4 potions of haste
 v - a potion of invisibility
 x - 2 potions of enlightenment
 D - a potion of curing
 G - 3 potions of attraction
 Q - 4 potions of lignification


   Skills:
 * Level 11.8 Fighting
 - Level 15.0 Throwing
 - Level 5.0 Armour
 - Level 5.0 Dodging
 - Level 15.0 Unarmed Combat


You had 13 spell levels left.
You didn't know any spells.
Your spell library contained the following spells:

 Spells                   Type           Power      Damage    Failure   Level
 Blink                    Tloc           0%         N/A       77%         2
 Lesser Beckoning         Tloc           0%         N/A       77%         2
 Momentum Strike          Conj/Tloc      0%         3d8       77%         2
 Static Discharge         Conj/Air       0%         2-2/arc   77%         2
 Frozen Ramparts          Ice            0%         1d1       94%         3
 Portal Projectile        Hex/Tloc       0%         N/A       94%         3
 Tukima's Dance           Hex            0%         N/A       94%         3
 Airstrike                Air            0%         2d(0-16)  100%        4
 Animate Dead             Necr           0%         N/A       100%        4
 Cause Fear               Hex            0%         N/A       100%        4
 Iskenderun's Mystic Bla  Conj/Tloc      0%         2d3       100%        4
 Olgreb's Toxic Radiance  Pois           0%         N/A       100%        4
 Petrify                  Tmut/Erth      0%         N/A       100%        4
 Summon Lightning Spire   Summ/Air       0%         N/A       100%        4
 Fireball                 Conj/Fire      0%         3d3       100%        5
 Metabolic Englaciation   Hex/Ice        0%         N/A       100%        5
 Haunt                    Necr/Summ      0%         N/A       100%        7
 Discord                  Hex            0%         N/A       100%        8
 Ignition                 Fire           0%         3d3       100%        8
 Infestation              Necr           0%         N/A       100%        8
 Dragon's Call            Summ           0%         N/A       100%        9


Dungeon Overview and Level Annotations

Branches:
Dungeon (11/15)            Temple (0/1) D:6            Lair (5/5) D:10
 Shoals (0/4) Lair:2        Snake (0/4) Lair:3        Slime (0/5) Lair:5
    Orc (2/2) D:9             Elf (0/3) Orc:2

Altars:
Cheibriados
Dithmenos
Fedhas
Okawaru
Uskayaw
Wu Jian
Xom
Jiyva

Shops:
D:7 *   Orc:2 [(([

Annotations:
Lair:1 2 transporters, avis's ghost, journeyman TrSh
Lair:4 1 runed translucent door, howech's ghost, journeyman MiBe


Innate Abilities, Weirdness & Mutations

You are too large for most types of armour.
You have claws for hands.
Your natural rate of healing is unusually fast.
You are covered in fur. (AC +1)
You have tough skin. (AC +1)


Message History

You lunge at the skeletal warrior.
You closely miss the skeletal warrior. You claw the skeletal warrior!!
The skeletal warrior is severely damaged.
You spin and attack the skeletal warrior repeatedly.
You scratch the skeletal warrior but do no damage.
The skeletal warrior is moderately damaged.
You scratch the skeletal warrior but do no damage.
The skeletal warrior is moderately damaged.
The skeletal warrior hits you with a +0 glaive!!
The skeletal warrior hits you with a +1 scimitar of flaming!!
The skeletal warrior burns you.
As you read the scroll of teleportation, it crumbles to dust.
You feel strangely unstable.
The skeletal warrior hits you with a +0 glaive!!
* * * LOW HITPOINT WARNING * * *
The skeletal warrior hits you with a +1 scimitar of flaming!!
* * * LOW HITPOINT WARNING * * *
The skeletal warrior burns you!
* * * LOW HITPOINT WARNING * * *
You feel much better.
The skeletal warrior hits you but does no damage. x2
You feel much better.
The skeletal warrior barely misses you. x2
Unknown command.
You claw the skeletal warrior!
The skeletal warrior is severely damaged.
The skeletal warrior hits you with a +0 glaive!!
* * * LOW HITPOINT WARNING * * *
The skeletal warrior hits you with a +1 scimitar of flaming!
* * * LOW HITPOINT WARNING * * *
The skeletal warrior burns you.
* * * LOW HITPOINT WARNING * * *
You spin and attack the skeletal warrior repeatedly.
You closely miss the skeletal warrior. You claw the skeletal warrior!
The skeletal warrior is heavily damaged.
You claw the skeletal warrior!
The skeletal warrior is severely damaged.
The skeletal warrior hits you from afar with a +0 glaive!!
* * * LOW HITPOINT WARNING * * *
The skeletal warrior hits you with a +1 scimitar of flaming!
You die...

...........# ####.
................####....
...............#........
....<...................
.!..................#...
...................##...
............)...........
......(..z....).........
......(@........).......
....(...z))...!.........
........................
........................
..................#.....
..................#....#
...................#####
...................#
...................#


You could see 2 skeletal warriors.

Vanquished Creatures
  Gastronok (Lair:3)
  Nessos (Lair:3)
  An ettin (Orc:2)
  4 boulder beetles
  9 two-headed ogres
  2 hydras (Lair:5)
  A catoblepas (Lair:4)
  Nergalle (Lair:1)
  5 orc high priests (Orc:2)
  A skyshark (Lair:5)
  3 skeletal warriors (D:11)
  9 orc knights (Orc:2)
  An ugly thing (D:9)
  Joseph (Lair:1)
  A cyclops (D:9)
  3 elephants (Lair:5)
  3 torpor snails
  25 cane toads
  6 black mambas
  A kobold demonologist (D:9)
  Maggie (D:6)
  An unseen horror (D:11)
  4 rime drakes
  7 komodo dragons
  6 trolls
  2 tyrant leeches (Lair:5)
  3 burning bushes (Lair:3)
  4 polar bears
  Prince Ribbit (D:7)
  2 hornets (D:9)
  40 blink frogs
  9 dream sheep (Lair:5)
  A snapping turtle (Lair:2)
  Sigmund (D:3)
  A shadow (D:9)
  36 yaks
  A wraith (D:10)
  Eustachio (D:4)
  4 wyverns
  2 basilisks
  2 steam dragons
  5 vampire mosquitoes (Lair:5)
  3 acid dragons (D:9)
  A warg (Orc:1)
  13 water moccasins
  4 nagas (Lair:3)
  Duvessa (D:4)
  48 orc warriors
  3 ice beasts
  3 black bears
  A sky beast (D:6)
  2 ogres
  5 centaurs
  3 wolves (Lair:2)
  A phantom (D:7)
  4 kobold brigands
  23 bullfrogs
  A gnoll sergeant (D:10)
  3 scorpions (D:5)
  Dowan (D:4)
  13 wights
  A killer bee (D:9)
  2 electric eels (Lair:5)
  4 howler monkeys (D:9)
  3 hounds
  9 jellies
  A gnoll bouda (D:6)
  32 orc priests
  Crazy Yiuf (D:6)
  2 iguanas
  A sleepcap (D:5)
  Ijyb (D:4)
  5 hell rats (Lair:2)
  25 orc wizards
  A mummy (D:6)
  Robin (D:4)
  11 gnolls
  8 adders
  3 shadow imps
  A worm (D:3)
  3 dart slugs
  101 orcs
  9 ball pythons
  2 endoplasms (D:3)
  2 giant cockroaches (D:3)
  19 goblins
  6 hobgoblins
  A jackal (D:3)
  17 kobolds
  4 quokkas
  6 bats
  3 frilled lizards
  7 rats
638 creatures vanquished.

Vanquished Creatures (others)
  A gnoll (D:6)
1 creature vanquished.

Grand Total: 639 creatures vanquished

Notes
Turn   | Place    | Note
-------+----------+-------------------------------------------
     0 | D:1      | experimilk the Troll Gladiator began the quest for the Orb.
     0 | D:1      | Reached XP level 1. HP: 19/19 MP: 0/0
   333 | D:1      | Reached XP level 2. HP: 27/27 MP: 1/1
  1364 | D:3      | Reached XP level 3. HP: 33/33 MP: 2/2
  1526 | D:3      | Found a large runed translucent door.
  1537 | D:3      | Found a large runed translucent door.
  1686 | D:3      | Noticed Sigmund
  3049 | D:3      | Killed Sigmund
  3050 | D:3      | Reached XP level 4. HP: 33/41 MP: 3/3
  3050 | D:3      | Reached XP level 5. HP: 39/48 MP: 4/4
  3408 | D:3      | Found a blossoming altar of Fedhas.
  3417 | D:3      | Found a hide-covered altar of Uskayaw.
  3622 | D:4      | Noticed Robin
  3656 | D:4      | Killed Robin
  3849 | D:4      | Noticed Dowan
  3850 | D:4      | Noticed Duvessa
  3869 | D:4      | Killed Duvessa
  3870 | D:4      | Reached XP level 6. HP: 55/55 MP: 5/5
  3882 | D:4      | Killed Dowan
  4028 | D:4      | Found an ornate altar of the Wu Jian Council.
  4034 | D:4      | Became a worshipper of the Wu Jian Council
  4481 | D:4      | Noticed Ijyb
  4487 | D:4      | Paralysed by Ijyb for 2 turns
  4492 | D:4      | Killed Ijyb
  4809 | D:4      | Noticed Eustachio
  4818 | D:4      | Killed Eustachio
  4819 | D:4      | Reached XP level 7. HP: 58/62 MP: 6/6
  5273 | D:5      | Entered Level 5 of the Dungeon
  6110 | D:5      | Reached XP level 8. HP: 56/70 MP: 7/7
  6263 | D:5      | Reached skill level 10 in Unarmed Combat
  6452 | D:5      | Found a shadowy altar of Dithmenos.
  6791 | D:6      | Reached * piety under Wu Jian
  7018 | D:6      | Reached skill level 5 in Throwing
  7063 | D:6      | Found a staircase to the Ecumenical Temple.
  7087 | D:6      | Noticed Maggie
  7392 | D:6      | Found a shimmering altar of Xom.
  7675 | D:6      | Killed Maggie
  7676 | D:6      | Reached XP level 9. HP: 76/76 MP: 8/8
  8120 | D:6      | Found a runed translucent door.
  8121 | D:6      | Noticed Crazy Yiuf
  8175 | D:6      | Found a snail-covered altar of Cheibriados.
  8427 | D:6      | Killed Crazy Yiuf
  8612 | D:7      | Noticed Prince Ribbit
  8625 | D:7      | Killed Prince Ribbit
  8873 | D:7      | Found Suar's Neck Hole.
  9131 | D:7      | Found an iron altar of Okawaru.
  9270 | D:8      | Reached skill level 10 in Throwing
  9287 | D:8      | Reached ** piety under Wu Jian
  9843 | D:8      | Reached XP level 10. HP: 88/88 MP: 9/9
 10625 | D:9      | Reached skill level 5 in Fighting
 10737 | D:9      | Noticed a two-headed ogre
 10740 | D:9      | Killed a two-headed ogre
 11166 | D:9      | Found a staircase to the Orcish Mines.
 11221 | D:9      | Reached *** piety under Wu Jian
 11452 | D:9      | Noticed a two-headed ogre
 11511 | D:9      | Noticed a two-headed ogre
 11516 | D:9      | Killed a two-headed ogre
 11562 | D:9      | Reached XP level 11. HP: 101/111 MP: 10/10
 11590 | D:9      | Killed a two-headed ogre
 11881 | D:9      | Noticed a two-headed ogre
 11887 | D:9      | Killed a two-headed ogre
 12056 | D:9      | Noticed a two-headed ogre
 12062 | D:9      | Killed a two-headed ogre
 12088 | D:10     | Entered Level 10 of the Dungeon
 12102 | D:10     | Noticed a two-headed ogre
 12112 | D:10     | Killed a two-headed ogre
 12112 | D:10     | Reached skill level 10 in Fighting
 12742 | D:10     | Found a staircase to the Lair.
 12821 | Lair:1   | Entered Level 1 of the Lair of Beasts
 12828 | Lair:1   | You fall into a shaft and drop 1 floor!
 13163 | Lair:2   | Reached **** piety under Wu Jian
 13371 | Lair:2   | Reached XP level 12. HP: 111/126 MP: 11/11
 13476 | Lair:1   | Noticed Nergalle
 13486 | Lair:1   | Killed Nergalle
 13913 | Lair:1   | Found a transporter.
 13913 | Lair:1   | Noticed a catoblepas
 13913 | Lair:1   | Noticed avis's ghost (journeyman TrSh)
 13917 | Lair:1   | Found a transporter.
 14265 | Lair:1   | Noticed Joseph
 14278 | Lair:1   | Killed Joseph
 14628 | Lair:1   | Noticed a boulder beetle
 14633 | Lair:1   | Killed a boulder beetle
 15179 | Lair:2   | Reached skill level 15 in Unarmed Combat
 15494 | Lair:2   | Found a staircase to the Shoals.
 15502 | Lair:2   | Reached skill level 1 in Armour
 16397 | Lair:3   | Noticed Gastronok
 16403 | Lair:3   | Killed Gastronok
 16575 | Lair:3   | Reached XP level 13. HP: 133/133 MP: 12/12
 16623 | Lair:3   | Noticed Nessos
 16637 | Lair:3   | Killed Nessos
 17065 | Lair:3   | Found a staircase to the Snake Pit.
 17690 | Lair:4   | Identified the ring of Kylaw {Ice Str-2 Int+3 Stlth+}
 17922 | Lair:4   | Reached skill level 5 in Armour
 18019 | Lair:4   | Reached ***** piety under Wu Jian
 18442 | Lair:4   | Found a runed translucent door.
 18459 | Lair:4   | Noticed howech's ghost (journeyman MiBe)
 18655 | Lair:5   | Entered Level 5 of the Lair of Beasts
 18677 | Lair:5   | Found a viscous altar of Jiyva.
 18678 | Lair:5   | Found a staircase to the Slime Pits.
 19335 | Lair:5   | Reached XP level 14. HP: 126/143 MP: 13/13
 19994 | Lair:5   | Reached skill level 15 in Throwing
 20280 | Orc:1    | Entered Level 1 of the Orcish Mines
 20419 | Orc:1    | You fall into a shaft and drop 1 floor!
 20419 | Orc:2    | Entered Level 2 of the Orcish Mines
 20492 | Orc:2    | Found a staircase to the Elven Halls.
 20982 | Orc:2    | Reached skill level 5 in Dodging
 21014 | Orc:2    | Reached ****** piety under Wu Jian
 21907 | Orc:2    | Found Umingafa's Weapon Shop.
 21907 | Orc:2    | Found Neutt's Antique Armour Shop.
 21908 | Orc:2    | Found Pomnoic's Armour Shop.
 21908 | Orc:2    | Found Sig Kout's Weapon Boutique.
 21915 | Orc:2    | Bought 4 poisoned darts for 38 gold pieces
 22637 | D:11     | HP: 2/148 [skeletal warrior/+0 glaive (22)]
 22637 | D:11     | Demolished by a skeletal warrior

Illustrated notes

Levels and vault maps discovered:
D:1:      dpeg_arrival_simpleton_a, layout_basic
D:2:      layout_loops_cross, grunt_decor_cap
D:3:      minmay_chambers_of_threes, layout_rooms, jmf_multi_god_temple2,
          uniq_sigmund
D:4:      layout_layer_cave, overflow_temple_1_default,
          minmay_misc_feat_pillars, uniq_robin, uniq_ijyb, uniq_duvessa,
          uniq_eustachio
D:5:      layout_basic, mainiacjoe_overflow_catwalk
D:6:      layout_rooms, chei_slow_surprise, mainiacjoe_overflow_six_doors_small,
          minmay_temple_entry_statues_fountains, uniq_maggie,
          uniq_crazy_yiuf_cottage
D:7:      layout_basic, marbit_many_paths, nicolae_shop_sticking_my_neck_out,
          uniq_prince_ribbit1
D:8:      layout_layer_cave, enter_bailey_5, minmay_misc_feat_rows
D:9:      minmay_quarter_circles, layout_irregular_city, hiddenorc2_lemuel
D:10:     layout_rooms, lair_entry_dummy
D:11:     layout_cross, minivault_22, minmay_misc_feat_diagonals,
          nicolae_uskayaw_murder_on_the_dancefloor
Lair:1:   layout_regular_city, gammafunk_ghost_arena, uniq_nergalle, uniq_joseph
Lair:2:   layout_roguey, minmay_shoals_entry_hut
Lair:3:   layout_gridlike, minmay_snake_entry_guardpost_medium, evilmike_ambush
          [evilmike_ambush_outer_basic, evilmike_ambush_inner_basic],
          uniq_nessos, uniq_gastronok
Lair:4:   layout_cave_pods, ebering_ghost_reflecting_pool,
          nicolae_lair_lil_pond, patterned_corridor
Lair:5:   minmay_lair_end_frog_pond, layout_regular_city,
          minmay_slime_entry_pillars
Orc:1:    layout_diamond_mine
Orc:2:    st_orc_pillars, layout_caves, basic_altar

Skill      XL: |  1  2  3  4  5  6  7  8  9 10 11 12 13 14 |
---------------+-------------------------------------------+-----
Unarmed Combat | 4 6 7 8 9 10 12 15 | 15.0
Throwing       | 7 10 14 15 | 15.0
Fighting       | 2 8 10 11 | 11.8
Armour         | 3 5 |  5.0
Dodging        | 5 |  5.0

Action                     |  1- 3 |  4- 6 |  7- 9 | 10-12 | 13-15 || total
---------------------------+-------+-------+-------+-------+-------++-------
  Melee: Unarmed           |    89 |    69 |   162 |   331 |   592 ||  1243
         Punch             |       |     1 |     9 |    17 |    49 ||    76
  Throw: Stone             |    25 |    11 |    32 |     4 |    25 ||    97
         Large rock        |     1 |     1 |    20 |    53 |    49 ||   124
         Dart              |     5 |    20 |    82 |   186 |   102 ||   395
         Throwing net      |     3 |     2 |       |       |       ||     5
         Javelin           |       |       |     6 |    10 |    11 ||    27
         Boomerang         |       |       |       |    53 |   195 ||   248
 Invoke: Serpent's Lash    |       |       |       |     5 |    10 ||    15
Ability: Lunge             |       |       |    25 |    72 |   113 ||   210
         Whirlwind         |       |       |     6 |    41 |   149 ||   196
         Wall Jump         |       |       |       |     1 |     5 ||     6
  Evoke: Wand              |       |     7 |    10 |       |       ||    17
    Use: Scroll            |       |     5 |    11 |    10 |     7 ||    33
         Potion            |       |       |       |     1 |    10 ||    11
   Stab: Held in net/web   |       |     1 |       |       |       ||     1
         Sleeping          |       |       |     2 |       |       ||     2
 Armour: Robe              |    29 |    16 |    33 |    35 |       ||   113
         Swamp dragon scal |       |       |       |    14 |   125 ||   139
  Dodge: Dodged            |    50 |    22 |    61 |   103 |   120 ||   356

Table legend: (Time is in decaauts)
 A = Elapsed time spent in this place.
 B = Non-inter-level travel time spent in this place.
 C = Inter-level travel time spent in this place.
 D = Time resting spent in this place.
 E = Time spent auto-exploring this place.
 F = Levels seen in this place.
 G = Mean time per level.
                   A        B        C        D        E       F      G
               +--------+--------+--------+--------+--------+-----+--------+
         Total |  22429 |  20946 |   1483 |   4819 |  11213 |  18 | 1246.1 |
       Dungeon |  13363 |  12363 |   1000 |   3065 |   6727 |  11 | 1214.8 |
          Lair |   7179 |   6806 |    373 |   1572 |   3569 |   5 | 1435.8 |
  Orcish Mines |   1887 |   1777 |    110 |    181 |    917 |   2 |  943.5 |
               +--------+--------+--------+--------+--------+-----+--------+

Top non-repeatable levels by time:
     D:4: 2171 daAuts
     D:9: 1914 daAuts
  Lair:2: 1759 daAuts
     D:2: 1708 daAuts
  Lair:1: 1615 daAuts
     D:6: 1463 daAuts
   Orc:2: 1442 daAuts
     D:5: 1428 daAuts
  Lair:5: 1388 daAuts
  Lair:3: 1336 daAuts
     D:3: 1100 daAuts
  Lair:4: 1079 daAuts
     D:8: 1057 daAuts
    D:10: 917 daAuts
     D:7: 662 daAuts
